 Dungeon Crawl Stone Soup version 0.29-a0-409-gd843f3a48c (webtiles) character file.

Game seed: 1646896713965004262

80531 holysushi the Whirler (level 15, -6/123 HPs)
             Began as a Mummy Necromancer on May 14, 2022.
             Was an Initiate of Gozag.
             Mangled by a tarantella (8 damage)
             ... on level 4 of the Lair of Beasts.
             The game lasted 01:32:55 (59579 turns).

holysushi the Whirler (Mummy Necromancer)          Turns: 59579, Time: 01:32:55

Health: -6/123     AC: 10    Str: 18    XL:     15   Next: 24%
Magic:  23/23      EV: 19    Int: 18    God:    Gozag
Gold:   1546       SH:  0    Dex: 18    Spells: 16/25 levels left

rFire   x x .      SeeInvis .   l - +9 hunting sling of the Decaying God {speed, rPois rF- rN++ Int-4}
rCold   + . .      Faith    .   c - +3 buckler
rNeg    + + +      Spirit   .   v - +2 robe {Will+}
rPois   ∞          Reflect  +   (no helmet)
rElec   .          Harm     .   K - scarf {+Inv}
rCorr   .          Rampage  .   J - +2 pair of gloves {Stlth+}
Will    ++...                   s - +2 pair of boots
Stlth   ++........              G - amulet of reflection
HPRegen 0.30/turn               B - +6 ring of strength
MPRegen 0.18/turn               w - +6 ring of intelligence

@: confused, studying Bows
A: cold resistance 1, negative energy resistance 3, torment resistance 2, heat
vulnerability 1, in touch with death 2, no potions
a: Renounce Religion, Evoke Invisibility, Potion Petition, Call Merchant, Bribe
Branch


You were on level 4 of the Lair of Beasts.
You worshipped Gozag.
Gozag was most pleased with you.
You visited 5 branches of the dungeon, and saw 23 of its levels.

You collected 8751 gold pieces.
You spent 5715 gold pieces at shops.
You paid 1490 gold pieces to Gozag.

Inventory:

Hand Weapons
 e - a +3 shortbow
 h - the +9 heavy crossbow "Sniper" {vorpal, Acc+∞ SInv}
   (You found it on level 12 of the Dungeon)

   Any ammunition fired from it inflicts extra damage upon your enemies.
   Any ammunition fired from it never misses its target.
   SInv:      It lets you see invisible.
 l - the +9 hunting sling of the Decaying God (weapon) {speed, rPois rF- rN++ Int-4}
   (You found it on level 3 of the Dungeon)

   Attacks with this weapon are significantly faster.
   Int:       It affects your intelligence (-4).
   rF:        It makes you vulnerable to fire.
   rPois:     It protects you from poison.
   rN:        It greatly protects you from negative energy.
 L - a +1 short sword of speed
Missiles
 z - 2 throwing nets
Armour
 a - a +0 robe
 c - a +3 buckler (worn)
 s - a +2 pair of boots (worn)
 u - the +3 ring mail of Bain Umn {Str+8}
   (You found it on level 7 of the Dungeon)

   Str:       It affects your strength (+8).
 v - a +2 robe of willpower (worn)
 J - a +2 pair of gloves of stealth (worn)
 K - a scarf of invisibility (worn)
Magical Staves
 g - a staff of death
Jewellery
 f - the ring "Otzowinn" {Fire rElec}
   (You found it on level 4 of the Dungeon)

   [ring of fire]

   It enhances your fire magic.
   rF:        It protects you from fire.
   rC:        It makes you vulnerable to cold.
   rElec:     It insulates you from electricity.
 w - a +6 ring of intelligence (right hand)
 B - a +6 ring of strength (left hand)
 G - an amulet of reflection (around neck)
Wands
 j - a wand of paralysis (3)
 A - a wand of polymorph (1)
 F - a wand of flame (19)
 H - a wand of charming (6)
Scrolls
 b - 4 scrolls of amnesia
 d - a scroll of magic mapping
 i - 3 scrolls of noise
 k - 2 scrolls of blinking
 m - 4 scrolls of vulnerability
 n - 4 scrolls of teleportation
 o - 3 scrolls of immolation
 q - a scroll of torment
 r - a scroll of silence
 x - 3 scrolls of fog
 I - 3 scrolls of poison
Miscellaneous
 D - a phial of floods
 E - a box of beasts


   Skills:
 - Level 13.0 Fighting
 - Level 16.0 Slings
 + Level 3.2 Bows
 - Level 0.2 Crossbows
 - Level 12.2 Dodging
 - Level 2.0 Stealth
 - Level 0.4 Shields
 - Level 1.5 Unarmed Combat
 - Level 5.7 Spellcasting
 + Level 5.5 Conjurations
 - Level 6.0 Necromancy
 + Level 5.5 Transmutations
 - Level 4.9 Evocations


You had 16 spell levels left.
You knew the following spells:

 Your Spells              Type           Power      Damage    Failure   Level
a - Pain                  Necr           100%       1d9       1%          1
b - Vampiric Draining     Necr           56%        2d10      4%          3
c - Irradiate             Conj/Tmut      12%        3d17      43%         5

Your spell library contained the following spells:

 Spells                   Type           Power      Damage    Failure   Level
 Animate Skeleton         Necr           100%       N/A       1%          1
 Magic Dart               Conj           100%       1d8       1%          1
 Shock                    Conj/Air       60%        1d6       5%          1
 Animate Dead             Necr           28%        N/A       14%         4
 Ignite Poison            Fire/Tmut/Pois 11%        N/A       24%         3
 Mephitic Cloud           Conj/Pois/Air  11%        N/A       24%         3
 Call Imp                 Summ           5%         N/A       26%         2
 Scorch                   Fire           10%        2d5       26%         2
 Agony                    Necr           56%        N/A       36%         5
 Anguish                  Hex/Necr       17%        N/A       43%         4
 Gell's Gravitas          Tloc           5%         N/A       45%         3
 Lesser Beckoning         Tloc           5%         N/A       45%         3
 Swiftness                Air            5%         N/A       45%         3
 Teleport Other           Tloc           5%         N/A       45%         3
 Tukima's Dance           Hex            5%         N/A       45%         3
 Flame Wave               Conj/Fire      15%        2d6       47%         4
 Hailstorm                Conj/Ice       15%        3d5       47%         4
 Petrify                  Tmut/Erth      15%        N/A       47%         4
 Airstrike                Air            2%         N/A       86%         4
 Freezing Cloud           Conj/Ice/Air   5%         6-21      91%         5
 Conjure Ball Lightning   Conj/Air       7%         3x3d6     100%        6
 Dispersal                Tloc           2%         N/A       100%        6
 Simulacrum               Ice/Necr       17%        N/A       100%        6
 Summon Cactus Giant      Summ           2%         N/A       100%        6
 Enfeeble                 Hex            2%         N/A       100%        7
 Summon Hydra             Summ           2%         N/A       100%        7
 Discord                  Hex            2%         N/A       100%        8
 Disjunction              Tloc           2%         N/A       100%        8
 Sublimation of Blood     Necr           Unusable   N/A       N/A         2
 Wereblood                Tmut           Unusable   N/A       N/A         2
 Ice Form                 Ice/Tmut       Unusable   N/A       N/A         4

Dungeon Overview and Level Annotations

Branches:
Dungeon (12/15)            Temple (1/1) D:4            Lair (6/6) D:9
  Swamp (0/4) Lair:4       Spider (2/4) Lair:4        Slime (0/5) Lair:5
    Orc (2/2) D:10            Elf (0/3) Orc:2

Altars:
Ashenzari
Cheibriados
Dithmenos
Elyvilon
Fedhas
Gozag
Hepliaklqana
Kikubaaqudgha
Makhleb
Nemelex Xobeh
Okawaru
Qazlal
Ru
Sif Muna
Trog
Uskayaw
Vehumet
Wu Jian
Xom
Yredelemnul
Zin
The Shining One
Beogh
Lugonu

Shops:
D:2 ?   D:4 *   D:6 :   D:8 !   D:10 (   Orc:1 !   Orc:2 :(*[   Lair:6 [*

Annotations:
D:4 1 runed translucent door, Pelinal's ghost, novice VSTm
D:7 exclusion: downstairs
D:8 exclusion: 2 downstairs
D:11 2 transporters
Lair:3 exclusion: downstairs
Orc:1 exclusion: 2 downstairs


Innate Abilities, Weirdness & Mutations

You are immune to poison.
Your flesh is cold resistant. (rC+)
You are immune to negative energy. (rN+++)
You are immune to unholy pain and torment.
You are vulnerable to heat. (rF-)
You are strongly in touch with the powers of death.
You do not drink.


Message History

The tarantella barely misses you.
Unknown command.
You bump into the rock wall.
The demonic crawler barely misses you. The demonic crawler misses you.
The demonic crawler hits you but does no damage.
The tarantella touches you!
The demonic crawler hits you but does no damage.
The demonic crawler completely misses you. x2
The tarantella touches you!
* * * LOW HITPOINT WARNING * * *
You are more confused.
You bump into the rock wall.
The tarantella barely misses you. The demonic crawler hits you.
* * * LOW HITPOINT WARNING * * *
The demonic crawler hits you but does no damage.
The demonic crawler hits you!
* * * LOW HITPOINT WARNING * * *
Unknown command.
You bump into the rock wall.
The tarantella barely misses you.
The demonic crawler hits you but does no damage.
The demonic crawler hits you!
* * * LOW HITPOINT WARNING * * *
The demonic crawler barely misses you.
The tarantella touches you but does no damage.
Unknown command.
You're too confused to move!
The demonic crawler barely misses you.
The demonic crawler hits you but does no damage.
The demonic crawler hits you.
* * * LOW HITPOINT WARNING * * *
The tarantella touches you!
* * * LOW HITPOINT WARNING * * *
The demonic crawler misses you. The demonic crawler closely misses you.
The demonic crawler hits you but does no damage.
You bump into the rock wall.
The tarantella closely misses you. The demonic crawler hits you.
* * * LOW HITPOINT WARNING * * *
The demonic crawler misses you. The demonic crawler closely misses you.
The tarantella touches you!
You die...
Your body crumbles into a pile of gold.

#.....# #.##.....
#..#..#### ##.......
##..###.# ###.......
#####.#.....#####.........
#....#.#.....##'...##.....
#...#.#.#....>###.#####...
##..#.#.#.....## ### ##..
##..##....#ss...# #..
#.#.##.#.##@##### #..
###.##.....## #### ##.
#.##.....####..# ######.
##.##......#.#.P## #......
#..###...##......# #......
#..###..###......# #......
##..#### #.......####......
#....#####..P..#..##.......
##.....#.#.P.P.##..#.......


You could see a demonic crawler and a tarantella.

Vanquished Creatures
  A quicksilver dragon (Orc:2)
  Snorg (D:11)
  A fire dragon (Lair:6)
  2 boulder beetles
  6 hydras
  A radroach (Spider:1)
  4 two-headed ogres
  14 death yaks
  4 orc high priests
  A pharaoh ant (Spider:1)
  An orb spider (Spider:1)
  A swamp dragon (Lair:6)
  4 orc knights (Orc:1)
  Pikel (D:5)
  A deep elf pyromancer (D:9)
  A wolf spider (Lair:6)
  3 manticores (D:11)
  5 orc sorcerers
  An ugly thing (D:12)
  2 oklob plants (Lair:5)
  5 elephants
  Maurice (Orc:1)
  10 black mambas
  A guardian serpent (Lair:6)
  3 torpor snails
  14 cane toads
  An unseen horror (D:11)
  4 rime drakes
  Maggie (D:9)
  Psyche (D:8)
  10 komodo dragons
  5 trolls
  3 hornets (Lair:6)
  A queen bee (Lair:4)
  Grinder (D:4)
  3 meliai (Lair:4)
  2 tarantellas (Spider:1)
  14 blink frogs
  10 jumping spiders
  6 dream sheep
  A shadow (D:11)
  4 culicivoras
  2 wraiths
  12 wyverns
  5 basilisks
  49 yaks
  3 steam dragons
  Eustachio (D:5)
  Grum (D:9)
  Menkaure (D:5)
  7 redbacks
  Edmund (D:5)
  28 water moccasins
  2 wargs (Orc:2)
  A swamp drake (Lair:6)
  4 acid dragons
  Duvessa (D:6)
  27 orc warriors
  2 black bears
  2 ice beasts
  2 sky beasts
  5 ogres
  26 wolves
  6 centaurs
  8 kobold brigands
  Blork the orc (D:6)
  13 bullfrogs
  3 scorpions
  6 necrophages
  A wight (D:9)
  Dowan (D:6)
  29 killer bees
  5 electric eels
  4 howler monkeys
  A hound (D:5)
  A jelly (D:4)
  27 orc priests
  A gnoll shaman (Lair:1)
  4 iguanas
  31 orc wizards
  5 hell rats (Lair:4)
  4 gnolls
  11 adders
  2 shadow imps
  3 white imps
  3 worms
  4 dart slugs
  70 orcs
  7 ball pythons
  3 endoplasms (D:2)
  3 giant cockroaches
  3 goblins
  5 hobgoblins
  6 jackals
  3 quokkas
  5 bats
  3 frilled lizards
  36 kobolds
  5 rats
661 creatures vanquished.

Vanquished Creatures (others)
  An orc priest (Orc:2)
  An orc wizard (Orc:2)
  A kobold (D:10)
  76 fungi
  170 plants
249 creatures vanquished.

Grand Total: 910 creatures vanquished

Notes
Turn   | Place    | Note
-------+----------+-------------------------------------------
     0 | D:1      | holysushi the Mummy Necromancer began the quest for the
                  | Orb.
     0 | D:1      | Reached XP level 1. HP: 13/13 MP: 4/4
   595 | D:1      | Reached XP level 2. HP: 19/19 MP: 1/6
   768 | D:1      | Reached skill level 1 in Unarmed Combat
  1074 | D:1      | Found a faded altar of an unknown god.
  1177 | D:1      | Gained mutation: You are in touch with the powers of death.
                  | [Mummy growth]
  1177 | D:1      | Reached XP level 3. HP: 14/24 MP: 0/8
  1466 | D:1      | Found a basalt altar of Yredelemnul.
  1623 | D:2      | Learned a level 3 spell: Vampiric Draining
  2070 | D:2      | Reached XP level 4. HP: 31/31 MP: 8/10
  2179 | D:2      | Reached skill level 1 in Fighting
  2579 | D:2      | Found Xisa's Magic Scroll Shoppe.
  2586 | D:2      | Bought a scroll of enchant armour for 75 gold pieces
  3008 | D:3      | Identified the +9 hunting sling of the Decaying God {speed,
                  | rPois rF- rN++ Int-4}
  3115 | D:3      | Reached XP level 5. HP: 37/37 MP: 11/11
  3283 | D:3      | Noticed a water moccasin
  3290 | D:3      | Killed a water moccasin
  3291 | D:3      | Reached skill level 2 in Slings
  3683 | D:4      | Reached XP level 6. HP: 43/43 MP: 12/12
  3731 | D:4      | Found Voentua's CLEARANCE SALE!.
  3910 | D:2      | Bought a scroll of identify for 20 gold pieces
  3910 | D:2      | Bought a scroll of identify for 20 gold pieces
  3910 | D:2      | Bought a scroll of teleportation for 30 gold pieces
  4094 | D:4      | Identified the ring "Otzowinn" {Fire rElec}
  4106 | D:4      | Found a staircase to the Ecumenical Temple.
  4130 | D:4      | Reached skill level 3 in Slings
  4133 | Temple   | Entered the Ecumenical Temple
  4585 | D:4      | Found a runed translucent door.
  4586 | D:4      | Noticed Pelinal's ghost (novice VSTm)
  4626 | D:4      | Noticed Grinder
  4641 | D:4      | Killed Grinder
  4642 | D:4      | Reached skill level 5 in Necromancy
  4642 | D:4      | Reached XP level 7. HP: 47/48 MP: 13/13
  4686 | D:4      | Reached skill level 4 in Slings
  4813 | D:5      | Entered Level 5 of the Dungeon
  4939 | D:5      | Noticed Menkaure
  4943 | D:5      | Killed Menkaure
  5021 | D:5      | Reached skill level 5 in Slings
  5344 | D:5      | Noticed Eustachio
  5498 | Temple   | Became a worshipper of Gozag Ym Sagoz the Greedy
  5727 | D:6      | Reached skill level 6 in Slings
  5727 | D:6      | Reached XP level 8. HP: 54/54 MP: 14/14
  5847 | D:6      | Found a hide-covered altar of Uskayaw.
  5942 | D:6      | Found Litip's Self-Improvement Boutique.
  5944 | D:6      | Noticed Dowan
  5948 | D:6      | Noticed Duvessa
  5987 | D:6      | Killed Dowan
  5988 | D:6      | Reached skill level 7 in Slings
  6463 | D:6      | Killed Duvessa
  6510 | D:6      | Noticed Blork the orc
  6518 | D:6      | Killed Blork the orc
  6608 | D:5      | Reached skill level 8 in Slings
  6956 | D:5      | Reached XP level 9. HP: 58/59 MP: 15/15
  7176 | D:6      | Reached skill level 9 in Slings
  7978 | D:7      | Noticed a gargoyle
  8329 | D:7      | Identified the +3 ring mail of Bain Umn {Str+8}
  8685 | D:8      | Reached skill level 10 in Slings
  8888 | D:2      | Bought a scroll of acquirement for 520 gold pieces
  8889 | D:2      | Acquired 221 gold pieces
  8960 | D:5      | Killed Eustachio
  8981 | D:5      | Noticed Edmund
  9004 | D:5      | Killed Edmund
  9043 | D:5      | Noticed Pikel
  9049 | D:5      | Killed Pikel
  9050 | D:5      | Reached XP level 10. HP: 58/66 MP: 16/16
  9063 | D:5      | Reached skill level 5 in Dodging
  9283 | D:8      | You fall into a shaft and drop 3 floors!
  9290 | D:10     | Entered Level 10 of the Dungeon
  9290 | D:10     | Found Bosor's Hydra Hut.
  9362 | D:10     | Noticed a two-headed ogre
  9570 | D:9      | Reached skill level 1 in Evocations
  9893 | D:8      | Identified the +5 scale mail of the Watchman {rElec rC++
                  | Dex-4 Slay+2}
 10026 | D:8      | Noticed Psyche
 10036 | D:8      | Killed Psyche
 10362 | D:8      | Found Lyzegui's Distillery.
 10487 | D:8      | Found an ornate altar of the Wu Jian Council.
 10852 | D:9      | Reached skill level 5 in Spellcasting
 10852 | D:9      | Noticed Grum
 11055 | D:9      | Killed Grum
 11591 | D:9      | Noticed Maggie
 11596 | D:9      | Noticed a deep elf pyromancer
 11602 | D:9      | Killed a deep elf pyromancer
 11604 | D:9      | Killed Maggie
 11605 | D:9      | Reached XP level 11. HP: 75/77 MP: 18/18
 11630 | D:9      | Acquired 738 gold pieces
 11728 | D:6      | Bought a manual of Slings for 880 gold pieces
 11855 | D:9      | Found a staircase to the Lair.
 12250 | D:9      | Reached skill level 11 in Slings
 12850 | D:6      | Bought a manual of Fighting for 880 gold pieces
 12962 | Lair:1   | Entered Level 1 of the Lair of Beasts
 13203 | Lair:1   | Reached skill level 5 in Fighting
 13715 | Lair:1   | Reached skill level 12 in Slings
 14140 | Lair:2   | Acquired 776 gold pieces
 14961 | Lair:3   | Noticed a six-headed hydra
 14969 | Lair:3   | Killed a six-headed hydra
 15955 | Lair:3   | Identified the +2 dire flail "Reuniuxa" {flame, Fragile
                  | rPois Will+++ Int-2}
 16088 | Lair:3   | Reached skill level 13 in Slings
 16392 | Lair:4   | Reached XP level 12. HP: 45/91 MP: 19/19
 16419 | Lair:4   | Noticed a boulder beetle
 16766 | Lair:4   | Noticed a death yak
 16766 | Lair:4   | Noticed a death yak
 16766 | Lair:4   | Noticed a death yak
 17229 | Lair:4   | Killed a boulder beetle
 17359 | Lair:4   | Found a staircase to the Swamp.
 17367 | Lair:4   | Noticed an eight-headed hydra
 17380 | Lair:4   | Killed an eight-headed hydra
 17860 | Lair:4   | Reached skill level 14 in Slings
 18521 | D:10     | Found a sparkling altar of Nemelex Xobeh.
 18637 | D:10     | Noticed a five-headed hydra
 19244 | D:10     | Killed a two-headed ogre
 19386 | D:10     | Found a staircase to the Orcish Mines.
 19762 | Orc:1    | Entered Level 1 of the Orcish Mines
 19762 | Orc:1    | Found Aqocudi's Distillery.
 19799 | Orc:1    | Noticed a two-headed ogre
 19806 | Orc:1    | Killed a two-headed ogre
 19849 | Orc:1    | Noticed Maurice
 19913 | Orc:1    | Killed Maurice
 20640 | Orc:2    | Entered Level 2 of the Orcish Mines
 20640 | Orc:2    | Noticed an orc high priest
 20791 | Orc:2    | Killed an orc high priest
 20799 | Orc:2    | Reached skill level 10 in Fighting
 21194 | Orc:1    | Learned a level 5 spell: Irradiate
 21767 | Orc:2    | Reached skill level 10 in Dodging
 21820 | Orc:2    | Noticed an orc high priest
 22400 | Orc:2    | Reached skill level 1 in Conjurations
 22400 | Orc:2    | Reached skill level 1 in Transmutations
 22400 | Orc:2    | Gained mutation: You are strongly in touch with the powers
                  | of death. [Mummy growth]
 22400 | Orc:2    | Reached XP level 13. HP: 49/104 MP: 20/20
 23111 | Orc:1    | HP: 3/104 [orc high priest/divine providence (13)]
 23589 | Orc:2    | Noticed an orc warlord
 24286 | D:11     | Found a corrupted altar of Lugonu.
 24412 | D:11     | Noticed Snorg
 24415 | D:11     | Found a hazy altar of Hepliaklqana.
 24435 | D:11     | Killed Snorg
 24550 | D:11     | Found a transporter.
 24552 | D:11     | Found a transporter.
 25487 | D:12     | Found the +9 heavy crossbow "Sniper" {vorpal, Acc+∞ SInv}
 30216 | Lair:3   | Reached skill level 15 in Slings
 30571 | Lair:4   | Found a hole to the Spider Nest.
 31041 | Lair:5   | Found a gate leading to a gauntlet.
 32411 | Lair:5   | Reached XP level 14. HP: 113/113 MP: 14/21
 33239 | Lair:5   | Found a staircase to the Slime Pits.
 34030 | Lair:6   | Entered Level 6 of the Lair of Beasts
 34415 | Lair:6   | Reached skill level 16 in Slings
 46932 | Lair:6   | Identified the +8 flail "Xyaxarhi" {flame, rPois rC- Str+5}
 48266 | Lair:6   | Reached skill level 5 in Conjurations
 48271 | Lair:6   | Reached skill level 5 in Transmutations
 49463 | Lair:6   | Bought a pair of runed gloves for 202 gold pieces
 49463 | Lair:6   | Bought an embroidered scarf for 216 gold pieces
 49481 | Lair:6   | Bought a dazzling chain mail for 256 gold pieces
 49481 | Lair:6   | Identified the +0 chain mail "Jewum" {Str+8 Dex-5} (You
                  | bought it in a shop on level 6 of the Lair of Beasts)
 49481 | Lair:6   | Bought a brightly glowing chain mail for 256 gold pieces
 49481 | Lair:6   | Identified the +0 chain mail of Distant Shores {Rampage
                  | rPois Stlth+} (You bought it in a shop on level 6 of the
                  | Lair of Beasts)
 49486 | Lair:6   | Bought a box of beasts for 1480 gold pieces
 51935 | Orc:1    | Reached XP level 15. HP: 82/123 MP: 1/22
 52750 | Orc:2    | Noticed a quicksilver dragon
 52750 | Orc:2    | an orc warlord changed into a quicksilver dragon
 53304 | Orc:2    | Killed a quicksilver dragon
 53335 | Orc:2    | Found a staircase to the Elven Halls.
 53717 | Orc:2    | Found Diqank's Antique Armour Boutique.
 53718 | Orc:2    | Found Rayrux's Antique Weapon Boutique.
 53720 | Orc:2    | Found Dauguyr's General Store.
 53720 | Orc:2    | Found Etraor's Book Shop.
 53939 | D:6      | Bought a manual of Bows for 880 gold pieces
 54114 | Spider:1 | Entered Level 1 of the Spider Nest
 54132 | Spider:1 | Reached skill level 1 in Bows
 59525 | Spider:1 | Glimpsed the power of Zot.
 59579 | Lair:4   | HP: 2/123 [demonic crawler (5)]
 59579 | Lair:4   | Mangled by a tarantella

Illustrated notes

Levels and vault maps discovered:
D:1:      dpeg_arrival_water_altar, layout_loops_ring,
          shapermc_ecumenical_altar_mp_highgroup
D:2:      minmay_thinvault, layout_basic, serial_shops, shop, grunt_ministairs_8
D:3:      layout_basic
D:4:      layout_rooms, temple_pool_b, gammafunk_ghost_grave,
          minmay_misc_feat_cross, grunt_decor_one_mirror,
          nicolae_shop_clearance, uniq_grinder
D:5:      layout_basic, uniq_edmund, uniq_pikel, uniq_menkaure, uniq_eustachio
D:6:      layout_cave_pools, nicolae_uskayaw_murder_on_the_dancefloor,
          nicolae_shop_self_help, uniq_duvessa, uniq_blork_the_orc
D:7:      layout_loops_cross
D:8:      nicolae_cairo_tiling_very_big, layout_basic,
          mainiacjoe_overflow_divided_tiny, serial_shops, shop, minivault_19,
          grunt_ministairs_10, kennysheep_generic_room_4, uniq_psyche
D:9:      layout_basic, due_lair_maze_entry_diamond, minmay_joined_circles,
          uniq_grum, uniq_maggie
D:10:     layout_roguey, nemelex_diamond_rough_becter, orc_0_dummy, minivault_4,
          doesnt_shop_hydraphobe
D:11:     gammafunk_corrupted_shrine, layout_rooms, grunt_ministairs_11,
          nicolae_hepliaklqana_hazy_memory, uniq_snorg
D:12:     layout_basic, led_sif_pool
Temple:   dpeg_five_rooms_temple
Lair:1:   layout_cave_pods, dreamdust_gnoll_shepherd,
          infiniplex_staircase_pool_2
Lair:2:   layout_regular_city, serial_bayou_shore_b
Lair:3:   layout_regular_city
Lair:4:   layout_roguey, minmay_swamp_entry_eels,
          hellmonk_spider_entry_life_and_decay, special_room [special_room_bee],
          minivault_25, roderic_carrion_pond
Lair:5:   layout_big_grid, minmay_slime_entry_oklob_enclosed,
          gauntlet_entry_generic, grunt_megastairs_4
Lair:6:   hangedman_lair_tendril_chambers, layout_hall_layers,
          guppyfry_lair_end_dragon, serial_bayou, serial_bayou_pond_d,
          serial_bayou_pond_b, serial_bayou_pond_c, serial_bayou_ford_a, pond,
          lemuel_fruit_fields, lemuel_fruit_tree
Spider:1: layout_spider_delve, uniq_jorgrun, uniq_nikola, uniq_louise,
          uniq_roxanne
Spider:2: layout_chambers, drop_trap
Orc:1:    layout_caves, basic_altar, serial_shops, shop, uniq_erica,
          uniq_maurice
Orc:2:    st_orc_congregation, layout_caves, gammafunk_ghost_cemetery

Skill      XL: |  1  2  3  4  5  6  7  8  9 10 11 12 13 14 15 |
---------------+----------------------------------------------+-----
Spellcasting   | 3 4 5 |  5.7
Unarmed Combat | 1 |  1.5
Dodging        | 2 4 6 8 10 11 12 | 12.2
Fighting       | 1 4 7 10 11 13 | 13.0
Slings         | 2 3 6 8 10 13 14 15 16 | 16.0
Necromancy     | 5 6 |  6.0
Evocations     | 4 |  4.9
Conjurations   | 1 2 5 |  5.5
Transmutations | 1 2 5 |  5.5
Stealth        | 2 |  2.0
Bows           | 3 |  3.2
Crossbows      | |  0.2
Shields        | |  0.4

Action                   |  1- 3 |  4- 6 |  7- 9 | 10-12 | 13-15 || total
-------------------------+-------+-------+-------+-------+-------++-------
Melee: Unarmed           |    30 |       |       |       |       ||    30
       Staff             |       |     1 |       |       |       ||     1
 Fire: Hunting sling     |       |    64 |   320 |  1126 |  1653 ||  3163
       Heavy crossbow    |       |       |       |       |    15 ||    15
 Cast: Pain              |    65 |    50 |     1 |       |     1 ||   117
       Vampiric Draining |       |       |     8 |     9 |    87 ||   104
       Irradiate         |       |       |       |       |     1 ||     1
Invok: Call Merchant     |       |       |       |       |     2 ||     2
 Abil: Evoke Invisibilit |       |       |       |       |     1 ||     1
Evoke: Wand              |       |       |       |    44 |    18 ||    62
       Phial of floods   |       |       |       |     1 |     2 ||     3
       Box of beasts     |       |       |       |       |     1 ||     1
  Use: Scroll            |       |     6 |     5 |    13 |    12 ||    36
Armor: Robe              |     5 |       |     1 |    33 |   104 ||   143
       Ring mail         |       |       |     9 |       |       ||     9
Dodge: Dodged            |    34 |    17 |    31 |   197 |   324 ||   603
Block: Buckler           |     4 |     4 |    10 |    63 |   141 ||   222
       Reflection        |       |       |       |       |     1 ||     1

Table legend: (Time is in decaauts)
 A = Elapsed time spent in this place.
 B = Non-inter-level travel time spent in this place.
 C = Inter-level travel time spent in this place.
 D = Time resting spent in this place.
 E = Time spent auto-exploring this place.
 F = Levels seen in this place.
 G = Mean time per level.
                   A        B        C        D        E       F      G
               +--------+--------+--------+--------+--------+-----+--------+
         Total |  58520 |  55143 |   3377 |  36734 |  11457 |  23 | 2544.3 |
       Dungeon |  16029 |  13937 |   2092 |   4713 |   6119 |  12 | 1335.8 |
        Temple |    414 |    264 |    150 |      0 |    247 |   1 |  414.0 |
          Lair |  31368 |  30519 |    849 |  23254 |   4444 |   6 | 5228.0 |
   Spider Nest |   5018 |   5018 |      0 |   4910 |      0 |   2 | 2509.0 |
  Orcish Mines |   5689 |   5406 |    283 |   3855 |    647 |   2 | 2844.5 |
               +--------+--------+--------+--------+--------+-----+--------+

Top non-repeatable levels by time:
  Lair:6: 17210 daAuts
  Lair:4: 7735 daAuts
Spider:1: 5017 daAuts
   Orc:1: 4794 daAuts
     D:9: 2463 daAuts
  Lair:5: 2312 daAuts
  Lair:3: 2041 daAuts
     D:6: 1664 daAuts
     D:2: 1597 daAuts
     D:1: 1483 daAuts
     D:7: 1453 daAuts
    D:10: 1408 daAuts
    D:11: 1380 daAuts
     D:8: 1380 daAuts
  Lair:1: 1153 daAuts
